 Dungeon Crawl Stone Soup version 0.21.0 (webtiles) character file.

275 mopl the Slasher (level 6, -8/35 HPs)
             Began as a Tengu Skald on Jan 7, 2018.
             Mangled by a flying skull (13 damage)
             ... created by the anger of Yredelemnul
             ... on level 3 of the Dungeon.
             The game lasted 00:03:59 (2481 turns).

mopl the Slasher (Tengu Skald)                      Turns: 2481, Time: 00:04:00

Health: -8/35      AC:  3    Str: 12    XL:     6   Next: 25%
Magic:  8/10       EV: 14    Int: 13    God:
Gold:   150        SH:  0    Dex: 15    Spells: 1/9 levels left

rFire    . . .     SeeInvis .   a - +0 falchion
rCold    . . .     Gourm    .   (no shield)
rNeg     . . .     Faith    .   b - +0 leather armour
rPois    .         Spirit   .   (helmet restricted)
rElec    .         Reflect  .   (no cloak)
rCorr    .         Harm     .   (no gloves)
MR       .....                  (boots unavailable)
Stlth    +.........             i - amulet of regeneration
HPRegen  0.51/turn              (no ring)
MPRegen  0.12/turn              (no ring)

@: flying quickly and evasively, slowed, very slow
A: beak, talons 3, able to fly 1
a: no special abilities


You were on level 3 of the Dungeon.
You were not hungry.

You visited 1 branch of the dungeon, and saw 4 of its levels.

You collected 150 gold pieces.

Inventory:

Hand Weapons
 a - a +0 falchion (weapon)
Missiles
 q - 10 poisoned needles
Armour
 b - a +0 leather armour (worn)
Jewellery
 i - an amulet of regeneration (around neck)
Wands
 p - a wand of scattershot (4)
 t - a wand of iceblast (7)
Scrolls
 h - 2 scrolls of identify {unknown}
 j - a scroll of immolation {unknown}
 o - a scroll of enchant weapon {unknown}
 r - a scroll of enchant armour {unknown}
Potions
 e - 4 potions of curing {unknown}
 f - 2 potions of heal wounds {unknown}
 g - 2 potions of haste {unknown}
 k - a potion of flight {unknown}
 l - a potion of degeneration {unknown}
 n - a potion of magic {unknown}
 s - a potion of might {unknown}
Books
 c - a book of Battle

   Spells                             Type                      Level
   a - Infusion                       Charms                       1
   b - Shroud of Golubria             Charms/Translocation         2
   c - Song of Slaying                Charms                       2
   d - Spectral Weapon                Hexes/Charms                 3
   e - Regeneration                   Charms/Necromancy            3
Comestibles
 d - 8 rations


   Skills:
 - Level 2.0 Fighting
 * Level 7.0 Long Blades
 - Level 1.1 Armour
 - Level 2.1 Dodging
 - Level 2.0 Spellcasting
 - Level 2.4 Charms


You had one spell level left.
You knew the following spells:

 Your Spells              Type           Power        Failure   Level  Hunger
a - Infusion              Chrm           #...         12%         1    ##.....
b - Song of Slaying       Chrm           #.......     19%         2    ###....
c - Spectral Weapon       Hex/Chrm       #.......     52%         3    ####...
f - Shroud of Golubria    Chrm/Tloc      #.........   30%         2    ###....


Dungeon Overview and Level Annotations

Branches:
Dungeon (4/15)
 Temple: D:4-7

Altars:
Vehumet
Yredelemnul

Annotations:
D:3 Natasha


Innate Abilities, Weirdness & Mutations

You have a beak for a mouth.
You have claws for feet.
You can fly.


Message History

The flying skull hits you.
Natasha mumbles some strange words.
You swoop lightly up into the air.
You feel very comfortable in the air.
You feel somewhat more hungry. The flying skull hits you.
The flying skull closely misses you.
Natasha mumbles some strange words.
The flying skull barely misses you. The flying skull misses you.
The flying skull completely misses you. The flying skull closely misses you.
You riposte.
You completely miss the flying skull.
You claw the flying skull, but do no damage.
Your peck misses the flying skull.
Natasha casts a spell.
The flying skull hits you! The flying skull hits you.
The flying skull hits you!
* * * LOW HITPOINT WARNING * * *
The flying skull misses you. The flying skull hits you!
You die...

.......## ####...######.###.##
######.# ######.## #.# #.# #.#
#.......# #.###.# ### #.#
#.####..# #.....#
..####.####.####..############
#>#............#............# ##
#.#.#.......##.#...########.# #.
#.#.#...###.##.....### ####.####.
.......## #...<.@z.#.###.........
#..#.### #.##..#zh..............
...##.### #.##.......>.......#...
.#.###..###.###.#....###....###..
...##.#.#.....#.##.#5# #.##..#...
##...##.#.###.#.##.#.# #.##..5.#.
#........# #...##.#.###.##....#.
##.#####.###.####.#5.##.........
### #.)...[.# #.........5.....


You could see 2 flying skulls, Natasha and a crimson imp.

Vanquished Creatures
  A phantom (D:2)
  Natasha (twice) (D:3)
  An orc wizard (D:3)
  A hound zombie (D:3)
  3 gnolls (D:3)
  An adder (D:3)
  An ooze (D:2)
  A worm (D:3)
  4 dart slugs
  4 leopard geckos (D:2)
  3 orcs (D:3)
  A ball python (D:1)
  5 bats
  4 giant cockroaches
  4 goblins
  4 hobgoblins
  4 jackals (D:3)
  10 kobolds
  4 frilled lizards
  6 rats
64 creatures vanquished.

Notes
Turn   | Place    | Note
-------+----------+-------------------------------------------
     0 | D:1      | mopl the Tengu Skald began the quest for the Orb.
     0 | D:1      | Reached XP level 1. HP: 12/12 MP: 4/4
   290 | D:1      | Reached skill level 3 in Long Blades
   290 | D:1      | Reached XP level 2. HP: 17/17 MP: 4/6
   302 | D:1      | Learned a level 2 spell: Song of Slaying
   305 | D:1      | Learned a level 2 spell: Shroud of Golubria
  1039 | D:2      | Reached XP level 3. HP: 13/21 MP: 1/7
  1060 | D:2      | Found a faded altar of an unknown god.
  1069 | D:2      | Became a worshipper of Yredelemnul the Dark
  1069 | D:2      | Reached * piety under Yredelemnul
  1070 | D:2      | Fell from the grace of Yredelemnul
  1128 | D:2      | Noticed a phantom
  1208 | D:2      | Killed a phantom
  1208 | D:2      | Reached skill level 5 in Long Blades
  1208 | D:2      | Reached XP level 4. HP: 23/26 MP: 5/8
  1208 | D:2      | Gained mutation: You can fly. [Tengu growth]
  1208 | D:2      | Reached XP level 5. HP: 26/30 MP: 5/9
  1213 | D:2      | Learned a level 3 spell: Spectral Weapon
  1579 | D:3      | Noticed Natasha
  1587 | D:3      | Killed Natasha
  1587 | D:3      | Reached skill level 6 in Long Blades
  1812 | D:3      | Noticed Natasha
  1822 | D:3      | Killed Natasha
  1953 | D:3      | Found a radiant altar of Vehumet.
  1984 | D:3      | Reached XP level 6. HP: 29/35 MP: 8/10
  2347 | D:3      | Reached skill level 7 in Long Blades
  2462 | D:4      | Noticed a flying skull
  2462 | D:4      | Noticed a flying skull
  2462 | D:4      | Noticed a flying skull
  2462 | D:4      | Noticed a flying skull
  2469 | D:3      | Noticed Natasha
  2481 | D:3      | Mangled by a flying skull

Skill      XL: |  1  2  3  4  5  6 |
---------------+-------------------+-----
Long Blades    | 3 5 6 7 |  7.0
Fighting       | |  2.0
Armour         | |  1.1
Dodging        | |  2.1
Spellcasting   | |  2.0
Charms         | |  2.4

Action                   |  1- 3 |  4- 6 || total
-------------------------+-------+-------++-------
Melee: Falchion          |    57 |    99 ||   156
       Peck              |    10 |     9 ||    19
       Kick              |     9 |    24 ||    33
 Cast: Infusion          |     6 |    13 ||    19
Invok: Renounce Religion |     1 |       ||     1
 Abil: Fly               |       |     1 ||     1
 Stab: Sleeping          |       |     5 ||     5
  Eat: Chunk             |     1 |     5 ||     6
Armor: Leather armour    |     8 |    22 ||    30
Dodge: Dodged            |    39 |    54 ||    93
       Rpst.: Falchion   |     9 |    17 ||    26
